 Dungeon Crawl Stone Soup version 0.27.1-34-g3ba077fa99 (webtiles) character file.

Game seed: 14322849904423290440

9818 AverageBear the Cleaver (level 11, -5/88 HPs)
             Began as a Deep Dwarf Fighter on Jan 11, 2022.
             Slain by a shadow (28 damage)
             ... on level 9 of the Dungeon.
             The game lasted 00:13:34 (7460 turns).

AverageBear the Cleaver (Deep Dwarf Fighter)        Turns: 7460, Time: 00:13:35

Health: -5/88      AC: 15    Str: 21    XL:     11   Next: 28%
Magic:  1/1        EV:  9    Int: 11    God:
Gold:   223        SH: 17    Dex: 12    Spells: 10/10 levels left

rFire    . . .     SeeInvis .   B - +4 broad axe (vorpal)
rCold    . . .     Faith    .   c - +0 kite shield
rNeg     . . .     Spirit   .   H - +0 swamp dragon scales
rPois    +         Reflect  +   J - +1 hat
rElec    .         Harm     .   C - +2 cloak
rCorr    .         Rampage  .   (no gloves)
Will     +....                  (no boots)
Stlth    +.........             r - amulet of reflection
HPRegen  0.00/turn              v - ring of wizardry
MPRegen  0.07/turn              (no ring)

@: no status effects
A: damage resistance, heal wounds, sense surroundings 2, no regeneration
a: Heal Wounds


You were on level 9 of the Dungeon.
You visited 2 branches of the dungeon, and saw 10 of its levels.

You collected 559 gold pieces.
You spent 336 gold pieces at shops.

Inventory:

Hand Weapons
 a - a +1 war axe
 B - a +4 vorpal broad axe (weapon)
 F - a +0 broad axe of freezing
Missiles
 j - 7 curare-tipped darts
 m - 4 throwing nets
 o - 3 datura-tipped darts
Armour
 b - a +0 scale mail
 c - a +0 kite shield (worn)
 t - a +3 scale mail
 A - a +2 scale mail of fire resistance
 C - a +2 cloak (worn)
 E - a +0 plate armour
 H - +0 swamp dragon scales (worn)
 J - a +1 hat (worn)
Jewellery
 d - the ring of Optimism {*Corrode rElec rC- MP+9 Dex+8}
   (You found it on level 4 of the Dungeon)

   [ring of magical power]

   Dex:       It affects your dexterity (+8).
   rC:        It makes you vulnerable to cold.
   rElec:     It insulates you from electricity.
   MP:        It affects your magic capacity (+9).
   *Corrode:  It may corrode you when you take damage.
 p - a +6 ring of intelligence
 r - an amulet of reflection (around neck)
 v - a ring of wizardry (left hand)
 I - a ring of wizardry
Wands
 z - a wand of iceblast (7)
 G - a wand of polymorph (8)
Scrolls
 e - a scroll of fog
 n - a scroll of vulnerability
 q - 2 scrolls of immolation
 s - 2 scrolls of torment
 w - 2 scrolls of teleportation
 x - 2 scrolls of magic mapping
 y - 4 scrolls of blinking
 D - a scroll of noise
 K - 2 scrolls of identify
Potions
 f - a potion of brilliance
 g - 2 potions of haste
 h - a potion of degeneration
 i - a potion of flight
 k - a potion of attraction
 l - a potion of curing
 u - 4 potions of lignification


   Skills:
 - Level 2.6 Fighting
 - Level 13.0 Axes
 - Level 11.0 Armour
 + Level 10.1 Shields


You had 10 spell levels left.
You didn't know any spells.
Your spell library contained the following spells:

 Spells                   Type           Power      Damage    Failure   Level
 Call Canine Familiar     Summ           0%         N/A       71%         3
 Dazzling Flash           Conj/Hex       0%         N/A       71%         3
 Portal Projectile        Hex/Tloc       0%         N/A       71%         3
 Stone Arrow              Conj/Erth      0%         3d7       71%         3
 Tukima's Dance           Hex            0%         N/A       71%         3
 Animate Armour           Summ/Erth      0%         N/A       98%         4
 Iskenderun's Mystic Bla  Conj/Tloc      0%         2d3       98%         4
 Leda's Liquefaction      Hex/Erth       0%         N/A       98%         4
 Passage of Golubria      Tloc           N/A        N/A       98%         4
 Blade Hands              Tmut           0%         N/A       100%        5
 Yara's Violent Unravell  Hex/Tmut       0%         3d3       100%        5
 Iron Shot                Conj/Erth      0%         9d1       100%        6
 Starburst                Conj/Fire      0%         6d3       100%        6
 Borgnjor's Revivificati  Necr           0%         N/A       100%        8
 Lehudib's Crystal Spear  Conj/Erth      0%         10d2      100%        8
 Necromutation            Tmut/Necr      0%         N/A       100%        8
 Death's Door             Necr           0%         N/A       100%        9


Dungeon Overview and Level Annotations

Branches:
Dungeon (9/15)             Temple (1/1) D:4            Lair (0/6) D:8
    Orc: D:9-12

Altars:
Ashenzari
Cheibriados
Dithmenos
Elyvilon
Fedhas
Gozag
Hepliaklqana
Kikubaaqudgha
Nemelex Xobeh
Okawaru
Qazlal
Ru
Sif Muna
Trog
Uskayaw
Vehumet
Wu Jian
Xom
Yredelemnul
Zin
The Shining One

Shops:
D:1 [   D:3 (*!(

Annotations:
D:3 2 runed translucent doors, scisormetimb3rs's ghost, amateur BaFi
D:8 2 transporters


Innate Abilities, Weirdness & Mutations

You are resistant to damage.
You can heal yourself by infusing magical energy.
You passively map the area around you.
You do not regenerate.


Message History

The ogre zombie is heavily damaged.
You hit the shadow. You hit the orc zombie. The ogre zombie barely misses you.
You block the shadow's attack.
Unknown command.
You hit the ogre zombie.
The ogre zombie is heavily damaged.
You hit the shadow but do no damage. You slash the orc zombie!
You destroy the orc zombie!
A phantom comes into view.
You block the shadow's attack. The ogre zombie closely misses you.
Unknown command.
You hit the ogre zombie.
The ogre zombie is severely damaged.
You barely miss the shadow.
The shadow slips into darkness.
The shadow flickers and vanishes!
Deactivating autopickup; reactivate with Ctrl-A.
Unknown command.
You slash the ogre zombie!
The ogre zombie is almost destroyed.
You miss something.
The ogre zombie hits you but does no damage.
The shadow strikes at you from the darkness!
* * * LOW HITPOINT WARNING * * *
Reactivating autopickup.
You feel much better. The shadow hits you.
You hit the shadow.
The shadow is severely damaged.
You hit the ogre zombie. You block the ogre zombie's attack.
The shadow hits you!
* * * LOW HITPOINT WARNING * * *
You slash the ogre zombie!
You destroy the ogre zombie!
You hit the shadow.
The shadow slips into darkness.
The shadow flickers and vanishes!
Deactivating autopickup; reactivate with Ctrl-A.
You miss something.
The shadow strikes at you from the darkness!
You die...

###.#,, * , * , *
....#...##...##. , , , *
....#...#......>. ,
....#...#.......#
#...#...#.......# ,.., *
#...#...#.......# ,... ,*
....#...#.......# ,.8..
....#...##.....W####...#
....'...##...##{@.....##
....#...##.............., , *
...>#........##...###...#
....#.......###.#)#.#.#.#
....#.......###...#.#.Z.###,#
..#.#..........###...###.. .#
..#.#........#.#.#.#.#.#.#..#
....#..........##.#.#.##....#
..######..###..#.#.#.)###, #


You could see a phantom.

Vanquished Creatures
  Harold (D:8)
  A two-headed ogre (D:7)
  An ugly thing (D:9)
  Maggie (D:6)
  A komodo dragon (D:8)
  A troll (D:6)
  A shadow (D:9)
  A spriggan (D:8)
  A wyvern (D:9)
  12 yaks
  A steam dragon (D:7)
  3 water moccasins
  2 orc warriors
  Purgy (D:4)
  3 ice beasts
  4 black bears
  3 sky beasts
  5 centaurs
  2 ogres
  A phantom (D:9)
  A kobold brigand (D:7)
  4 bullfrogs
  A gnoll sergeant (D:9)
  4 scorpions
  A water moccasin zombie (D:7)
  A water moccasin skeleton (D:5)
  25 killer bees
  5 wights
  A howler monkey (D:6)
  A bullfrog zombie (D:5)
  2 centaur zombies (D:7)
  3 hounds
  Crazy Yiuf (D:5)
  2 jellies
  2 orc priests (D:8)
  A centaur skeleton (D:5)
  2 iguanas
  Ijyb (D:5)
  2 orc wizards
  2 killer bee zombies
  4 ogre zombies (D:9)
  A hound skeleton (D:2)
  A howler monkey skeleton (D:7)
  3 howler monkey zombies
  6 adders
  6 gnolls
  An ufetubus (D:5)
  2 adder zombies (D:2)
  2 adder skeletons (D:2)
  2 worms
  A dart slug (D:5)
  16 orcs
  8 ball pythons
  A bat skeleton (D:2)
  2 bat zombies (D:2)
  5 endoplasms
  A giant cockroach (D:4)
  2 goblins
  9 hobgoblins
  4 jackals (D:2)
  5 quokkas
  A ball python skeleton (D:2)
  4 bats
  5 frilled lizards
  A giant cockroach zombie (D:2)
  3 goblin zombies (D:9)
  A hobgoblin skeleton (D:9)
  5 kobolds
  3 orc skeletons (D:9)
  6 orc zombies (D:9)
  A quokka zombie (D:2)
  5 rats
225 creatures vanquished.

Vanquished Creatures (others)
  32 fungi (D:8)
  20 plants (D:8)
  2 withered plants (D:2)
54 creatures vanquished.

Grand Total: 279 creatures vanquished

Notes
Turn   | Place    | Note
-------+----------+-------------------------------------------
     0 | D:1      | AverageBear the Deep Dwarf Fighter began the quest for the
                  | Orb.
     0 | D:1      | Reached XP level 1. HP: 20/20 MP: 1/1
   164 | D:1      | Reached skill level 3 in Axes
   164 | D:1      | Reached XP level 2. HP: 27/27 MP: 2/2
   478 | D:1      | Found Ompo Kir's Antique Armour Boutique.
   871 | D:2      | Reached XP level 3. HP: 24/33 MP: 3/3
   875 | D:2      | Reached skill level 4 in Axes
   979 | D:2      | Found a faded altar of an unknown god.
  1048 | D:2      | Found an ornate altar of the Wu Jian Council.
  1193 | D:2      | Reached XP level 4. HP: 27/40 MP: 4/4
  1291 | D:2      | Reached skill level 5 in Axes
  1747 | D:3      | Found Pidofawyod's Distillery.
  1752 | D:3      | Noticed a bullfrog
  1763 | D:3      | Killed a bullfrog
  1764 | D:3      | Reached skill level 6 in Axes
  1764 | D:3      | Reached XP level 5. HP: 17/46 MP: 4/4
  1805 | D:3      | Found Coinlew's Weapon Shop.
  1826 | D:3      | Found a runed translucent door.
  1878 | D:3      | Found a white marble altar of Elyvilon.
  1878 | D:3      | Found a radiant altar of Vehumet.
  2215 | D:3      | Found Nahuyrph's Antique Weapon Emporium.
  2241 | D:3      | Found a runed translucent door.
  2243 | D:3      | Found Perchicaw's Assorted Antiques.
  2246 | D:3      | Noticed scisormetimb3rs's ghost (amateur BaFi)
  2629 | D:4      | Reached skill level 7 in Axes
  2639 | D:4      | Reached XP level 6. HP: 55/55 MP: 5/5
  2695 | D:4      | Noticed Purgy
  2702 | D:4      | Killed Purgy
  2721 | D:4      | Identified the ring of Optimism {*Corrode rElec rC- MP+9
                  | Dex+8}
  2746 | D:4      | Found a staircase to the Ecumenical Temple.
  2779 | Temple   | Entered the Ecumenical Temple
  3348 | D:5      | Entered Level 5 of the Dungeon
  3372 | D:5      | Reached skill level 8 in Axes
  3429 | D:5      | Found a runed translucent door.
  3430 | D:5      | Noticed Crazy Yiuf
  3449 | D:5      | Noticed an ice beast
  3459 | D:5      | Killed an ice beast
  3460 | D:5      | Reached XP level 7. HP: 40/61 MP: 6/6
  3708 | D:5      | Noticed Ijyb
  3753 | D:5      | Killed Ijyb
  3754 | D:5      | Reached skill level 9 in Axes
  3991 | D:5      | Killed Crazy Yiuf
  4220 | D:3      | Bought a runed broad axe for 168 gold pieces
  4292 | D:6      | Noticed a troll
  4300 | D:6      | Killed a troll
  4301 | D:6      | Reached skill level 10 in Axes
  4301 | D:6      | Reached XP level 8. HP: 32/68 MP: 6/6
  4349 | D:6      | Found a broken altar of Ashenzari.
  4581 | D:6      | Noticed Maggie
  4589 | D:6      | Killed Maggie
  4590 | D:6      | Reached skill level 11 in Axes
  4970 | D:7      | Reached skill level 12 in Axes
  5021 | D:7      | Gained mutation: You passively map the area around you.
                  | [Deep Dwarf growth]
  5021 | D:7      | Reached XP level 9. HP: 37/74 MP: 6/6
  5045 | D:7      | HP: 3/74 [orc warrior (1)]
  5053 | D:7      | Reached skill level 13 in Axes
  5120 | D:7      | Noticed a two-headed ogre
  5141 | D:7      | Killed a two-headed ogre
  5749 | D:3      | Bought a runed broad axe for 168 gold pieces
  6193 | D:8      | Noticed Harold
  6213 | D:8      | Killed Harold
  6214 | D:8      | Reached skill level 10 in Armour
  6214 | D:8      | Reached XP level 10. HP: 55/81 MP: 4/4
  6267 | D:8      | Found a transporter.
  6271 | D:8      | Found a transporter.
  6453 | D:8      | Found a staircase to the Lair.
  6471 | D:8      | Reached skill level 5 in Shields
  7124 | D:9      | Noticed a red ugly thing
  7133 | D:9      | Killed a red ugly thing
  7134 | D:9      | Reached XP level 11. HP: 63/88 MP: 1/1
  7424 | D:9      | Reached skill level 10 in Shields
  7460 | D:9      | Slain by a shadow

Illustrated notes

Levels and vault maps discovered:
D:1:      dpeg_arrival_pits, layout_basic, serial_shops, nicolae_shop_stone
D:2:      layout_basic, ebering_ecumenical_altar_sacrificial, basic_altar,
          serial_undead, serial_undead_b, serial_undead_d, serial_undead_c,
          serial_undead_b, serial_undead_e, serial_undead_a, serial_undead_d,
          hangedman_decor_points
D:3:      layout_basic, jmf_multi_god_temple, ebering_ghost_sewer_f,
          serial_shops, nicolae_square_shop, shop, shop, shop
D:4:      layout_loops_ring, minmay_temple_entry_overgrown, uniq_purgy
D:5:      layout_loops_cross, feat_on_display, uniq_crazy_yiuf_cottage,
          uniq_ijyb
D:6:      layout_gridville, kennysheep_little_box, supply_closet_lemuel,
          uniq_maggie
D:7:      minmay_bubble_buster, layout_loops_corners, minivault_25
D:8:      gammafunk_wand_slinger, layout_basic, due_lair_maze_entry_diamond,
          the_hattery, uniq_harold
D:9:      layout_stronghold, lightli_temple_of_fire, zombieorc2_lemuel,
          minmay_starry_boxes
Temple:   regret_index_temple_mists

Skill      XL: |  1  2  3  4  5  6  7  8  9 10 11 |
---------------+----------------------------------+-----
Axes           | 3 4 6 7 8 10 12 13 | 13.0
Armour         | 10 11 | 11.0
Shields        | 8 10 | 10.1
Fighting       | |  2.6

Action                   |  1- 3 |  4- 6 |  7- 9 | 10-12 || total
-------------------------+-------+-------+-------+-------++-------
Melee: War axe           |   103 |   143 |    70 |       ||   316
       Broad axe         |       |       |   209 |   286 ||   495
Throw: Dart              |       |     2 |       |       ||     2
 Abil: Heal Wounds       |     1 |     4 |    18 |     9 ||    32
Evoke: Wand              |       |       |     1 |       ||     1
  Use: Scroll            |     2 |     3 |     9 |       ||    14
       Potion            |       |     1 |     9 |     3 ||    13
 Stab: Invisible         |       |       |     2 |       ||     2
Armor: Scale mail        |    52 |    79 |    57 |    57 ||   245
       Plate armour      |       |       |    75 |       ||    75
       Swamp dragon scal |       |       |       |    63 ||    63
Dodge: Dodged            |    26 |    41 |    64 |   104 ||   235
Block: Kite shield       |    56 |    94 |   251 |   263 ||   664
       Reflection        |       |       |     1 |     5 ||     6
